uma, lawful female human Valkyrie -------- ##.......| ------------- ----------- # |.....%%###############|..%....Y.q@.# |))))))%))| ---------####....{..|#%#############-......qq.q.|# |)))))).%)| |.......|# #--------# #---------.---# |)).)))))%| |........############# # ## # |.........| |.......| # # # # --|-------- --|-.---- # # # # # ### # # # # #%# # # # -----------.- # # ### # # ##-...........| ### # # # # # |<..........| # --|--- # # ## ### |...........| ###|....| ----------|- ### ------- # |...........| #-....| |....^.....| # |.....| ### ------------- |....| |...........########...`{.| # ------ |...%......| # |.....|######## |..........-## |.....| ------------ ------- uma the Fighter Experience level: 6 Strength: 18/01 Dexterity: 14 Constitution: 15 Intelligence: 9 Wisdom: 9 Charisma: 9 Health: 0(60) Energy: 16(16) Def: 9 Gold: 201 Moves: 3335 Dungeon seed: L2ERMnFGmRBDxzah Game ID: uma_1546020181 Your Inventory: Coins $ - 201 gold pieces Amulets v - an uncursed amulet of reflection (being worn) Weapons a - a blessed +1 long sword (weapon in hand) b - a +0 dagger (alternate weapon; not wielded) r - a +0 orcish dagger w - a +0 orcish bow (in quiver) x - 10 +0 arrows Armor e - an uncursed +3 small shield (being worn) n - an uncursed +0 chain mail (being worn) Comestibles l - an uncursed egg Scrolls j - an uncursed scroll of identify p - a blessed scroll of identify s - an uncursed scroll of blank paper Potions u - an uncursed potion of healing Tools g - an uncursed lock pick Gems q - an uncursed worthless piece of orange glass y - an uncursed opal z - an uncursed worthless piece of green glass Spells and supernatural/magical abilities: Name Level Category Fail Memory W - pray for help -- divine ? -- Your skills at the end: Fighting Skills Weapon Skills dagger [Basic] long sword [Basic] Spellcasting Skills Final Attributes: You were piously aligned. You were cold resistant. You were stealthy. You had reflection. You are dead. Vanquished creatures: a giant mimic 2 large mimics 2 small mimics a rock piercer a giant ant a kobold lord 5 rothes a rabid rat a giant bat a wererat 4 iguanas 2 cave spiders a brown mold a red mold a gnome 2 gnome zombies a gecko 5 jackals a goblin a sewer rat 5 grid bugs 2 bats a lichen a kobold zombie 5 newts 49 creatures vanquished. Voluntary challenges: You had followed a strict vegetarian diet until turn 3303. You had been an atheist until turn 2755. You used a wielded weapon 60 times, starting on turn 155. You were illiterate. You never genocided any monsters. You never polymorphed an object. You changed form 6 times, starting on turn 2054. You used no wishes. You never split a pudding. You never wrote Elbereth's name. You never violated your personal moral code. Dungeon overview: The Dungeons of Doom: levels 1 to 5 Level 1 a fountain a long staircase Level 2 a general store, a fountain Level 3 some fountains Level 4 a fountain a long staircase Level 5 <- You were here a weapon shop, some fountains History has recorded: On T:1 you entered the Dungeons of Doom to retrieve the Amulet of Yendor! On T:335 you reached level 2 of The Dungeons of Doom. On T:490 you advanced to experience level 2. On T:501 you advanced to experience level 3. On T:557 you advanced to experience level 4. On T:823 you reached level 3 of The Dungeons of Doom. On T:1896 you reached level 4 of The Dungeons of Doom. On T:2167 you advanced to experience level 5. On T:2864 you reached level 5 of The Dungeons of Doom. On T:3248 you advanced to experience level 6. Score breakdown: Gold: 201 ( 7842 points) Experience: 6 levels (12456 points) Exploration: 5 levels ( 9.62%) ( 8401 points) Discoveries: 6 items ( 2.44%) ( 4685 points) Valuables value: (no points given unless you survive) Artifact value: 0 ( 0 points) Variety of kills: 25 monsters ( 6.56%) ( 7684 points) Turncount: 3335 turns ( -756 points) Survival: died (score multiplied by 80%) Total score: 32249 Latest messages: You see here an orcish short sword (13 zorkmids). The iguana bites! The iguana misses. You feel more confident in your weapon skills. You kill the iguana! Yak - dog food! You finish eating the tripe ration. You are feeling mildly nauseated. Ugh. Rotten egg. You finish eating the egg. You see here a rothe corpse. The rothe hits! The rothe misses. The rothe bites! You are feeling mildly nauseated. You miss the rothe. The rothe misses. The rothe bites! The rothe misses. (2x) The rothe bites! (2x) The rothe just misses! The rothe bites! You die... Final status: Farvel uma the Valkyrie, killed by a rothe... You died in The Dungeons of Doom on dungeon level 5 with 32249 points, and 201 pieces of gold, after 3335 moves. You were level 6 with a maximum of 60 hit points when you died.